 Dungeon Crawl Stone Soup version 0.23-a0-483-g32a748b514 (webtiles) character file.

14927 Octopork the Slicer (level 12, -19/76 HPs)
             Began as an Octopode Fighter on Nov 27, 2018.
             Was a Priest of Hepliaklqana.
             Blown up by an eye of devastation (shapeshifter) (43 damage)
             ... with a bolt of energy
             ... on level 11 of the Dungeon on Nov 30, 2018.
             The game lasted 00:58:56 (14697 turns).

Octopork the Slicer (Octopode Fighter)             Turns: 14697, Time: 00:58:57

Health: -19/76     AC:  3    Str: 14    XL:     12   Next: 21%
Magic:  15/15      EV: 13    Int: 21    God:    Hepliaklqana [***...]
Gold:   661        SH: 14    Dex: 17    Spells: 9/11 levels left

rFire    + . .     SeeInvis +   b - +7 short sword of Modesty {drain, rPois Str-2 Int+8 Dex+4}
rCold    + . .     Gourm    .   n - +0 shield
rNeg     . . .     Faith    .   K - +2 hat
rPois    +         Spirit   .   H - +2 amulet of reflection
rElec    .         Reflect  +   v - ring of see invisible {sInv}
rCorr    .         Harm     .   x - ring of protection from magic {MR+}
MR       +....                  y - ring of protection from fire {rF+}
Stlth    +++.......             C - ring of protection from cold (curse) {rC+}
HPRegen  0.22/turn              (no ring)
MPRegen  0.14/turn              (no ring)
                                (no ring)
                                (no ring)

@: no status effects
A: almost no armour, stealthy swim, amphibious, 8 rings, constrict 8, reduced
essence, camouflage 1, gelatinous body 1
a: Recall Ancestor, Ancestor Identity, Transference, Renounce Religion


You were on level 11 of the Dungeon.
You worshipped Hepliaklqana.
Hepliaklqana was most pleased with you.
You were not hungry.

You visited 2 branches of the dungeon, and saw 12 of its levels.
You also visited: Sewer.

You collected 661 gold pieces.

Inventory:

Hand Weapons
 a - a +0 trident
 b - the +7 short sword of Modesty (weapon) {drain, rPois Str-2 Int+8 Dex+4}
   (You took it off a gnoll on level 3 of the Dungeon)

   A truly terrible weapon, it drains the life of those it strikes.
   It affects your strength (-2).
   It affects your intelligence (+8).
   It affects your dexterity (+4).
   It protects you from poison.
 d - a +1 blowgun
   (You took it off a kobold in a sewer)
 r - a +1 dagger of venom
   (You took it off a kobold in a sewer)
 G - the +8 falchion of the Skies Above {speed, Dex+4, unknown}
   (You found it on level 7 of the Dungeon)

   Attacks with this weapon are significantly faster.
   It affects your dexterity (+4).
 P - a +0 hunting sling
   (You found it on level 10 of the Dungeon)
Missiles
 e - 63 poisoned needles
 g - 68 sling bullets {@Q1}
 p - 315 stones (quivered) {@Q2}
 q - 2 throwing nets {=f}
 I - 9 curare-tipped needles
Armour
 n - a +0 shield (worn)
 K - a +2 hat (worn)
   (You found it on level 8 of the Dungeon)
Magical Staves
 D - an uncursed staff of earth
   (You took it off an orc wizard on level 8 of the Dungeon)
 E - an uncursed staff of power {MP+17, !a}
   (You found it on level 11 of the Dungeon)
Jewellery
 v - a ring of see invisible (left tentacle) {sInv}
   (You took it off a gnoll on level 5 of the Dungeon)
 x - a ring of protection from magic (right tentacle) {MR+}
   (You took it off a gnoll on level 5 of the Dungeon)
 y - a ring of protection from fire (on tentacle) {rF+}
   (You found it on level 6 of the Dungeon)
 C - a cursed ring of protection from cold (on tentacle) {rC+}
   (You took it off Erolcha on level 10 of the Dungeon)
 H - a +2 amulet of reflection (around mantle)
   (You took it off an orc wizard on level 8 of the Dungeon)
Wands
 w - a wand of paralysis (8)
   (You found it on level 5 of the Dungeon)
 A - a wand of acid (1)
   (You found it on level 6 of the Dungeon)
 B - a wand of flame (17)
   (You took it off a hobgoblin on level 6 of the Dungeon)
 L - a wand of polymorph (2)
   (You found it on level 7 of the Dungeon)
 N - a wand of enslavement (3)
   (You found it on level 9 of the Dungeon)
 Q - a wand of random effects (11)
   (You found it on level 10 of the Dungeon)
 S - a wand of scattershot (3)
   (You found it on level 9 of the Dungeon)
Scrolls
 i - a scroll of identify
 m - a scroll of fear
 o - 4 scrolls of remove curse
 t - 5 scrolls of teleportation
 O - a scroll of amnesia
Potions
 c - 6 potions of curing
 h - a potion of heal wounds
 j - 2 potions of magic
 k - 2 potions of flight {unknown}
 l - 4 potions of ambrosia
 s - 2 potions of brilliance
 u - a potion of mutation {unknown}
 z - 3 potions of haste
 F - 2 potions of degeneration {unknown}
Comestibles
 f - 13 rations
 J - 2 chunks of flesh


   Skills:
 + Level 9.2 Fighting
 * Level 11.5 Short Blades
 - Level 8.0 Polearms
 - Level 3.0 Dodging
 - Level 1.0 Stealth
 + Level 10.3 Shields
 + Level 4.1 Invocations


You had 9 spell levels left.
You knew the following spells:

 Your Spells              Type           Power        Failure   Level  Hunger
a - Confusing Touch       Hex            #.....       32%         1    ##.....
g - Apportation           Tloc           #.....       32%         1    ##.....

Your spell library contained the following spells:

 Spells                   Type           Power        Failure   Level  Hunger
 Animate Skeleton         Necr           N/A          32%         1    ##.....
 Pain                     Necr           #...         32%         1    ##.....
 Sting                    Conj/Pois      #...         32%         1    ##.....
 Summon Small Mammal      Summ           #...         32%         1    ##.....
 Poisonous Vapours        Pois/Air       #.....       43%         2    ###....
 Confuse                  Hex            #.......     67%         3    ####...
 Inner Flame              Hex/Fire       #.......     67%         3    ####...
 Mephitic Cloud           Conj/Pois/Air  #.......     67%         3    ####...
 Regeneration             Chrm/Necr      #.........   67%         3    ####...
 Vampiric Draining        Necr           #.........   67%         3    ####...
 Animate Dead             Necr           N/A          97%         4    #####..
 Olgreb's Toxic Radiance  Pois           #.......     97%         4    #####..
 Venom Bolt               Conj/Pois      #.........   100%        5    ######.
 Deflect Missiles         Chrm/Air       #.........   100%        6    #######


Dungeon Overview and Level Annotations

Branches:
Dungeon (11/15)            Temple (1/1) D:5            Lair (0/6) D:10
    Orc: D:9-12

Altars:
Ashenzari
Cheibriados
Dithmenos
Elyvilon
Fedhas
Gozag
Hepliaklqana
Kikubaaqudgha
Makhleb
Nemelex Xobeh
Okawaru
Qazlal
Ru
Sif Muna
Trog
Uskayaw
Vehumet
Wu Jian
Xom
Yredelemnul
Zin
The Shining One

Annotations:
D:9 2 transporters, SpeedVeins's ghost, novice DDFi


Innate Abilities, Weirdness & Mutations

You cannot wear most types of armour.
You are very stealthy in the water. (Stealth+)
You are amphibious.
You can wear up to eight rings at the same time.
You can use your tentacles to constrict eight enemies at once.
Your skin changes colour to match your surroundings (Stealth+).
Your rubbery body absorbs attacks. (AC +1, EV +1)
Your life essence is reduced to manifest your ancestor. (-10% HP)


Message History

The orc shouts!
You hit the bullfrog. You grab the bullfrog. You squeeze the bullfrog.
You constrict the bullfrog.
An orc wizard comes into view. It is wielding a +1 dagger of flaming.
An orc wizard comes into view. It is wielding a +0 flail.
The orc wizard shouts! x2
You puncture the bullfrog! You constrict the bullfrog.
You block the bullfrog's attack.
You puncture the bullfrog!
You kill the bullfrog!
Your Invocations skill increases to level 4!
An orc priest comes into view. It is wielding a +0 trident.
The orc wizard gestures at you while chanting.
The magic dart hits you!
A hornet and an orc priest come into view.
The orc wizard casts a spell.
The orc wizard seems to speed up.
The orc wizard gestures wildly while chanting.
The orc wizard seems to speed up.
The orc wizard gestures at you while chanting.
The puff of flame hits you! You resist.
Things that are here:
a +0 whip; a +0 hand axe; a cursed -1 trident The orc priest begins to cast a cantrip, but forgets the words!
You see here a +0 war axe.
The orc wizard hits you with a +0 dagger.
Octorock hits the orc with a +0 dagger of draining.
You puncture the orc wizard! You drain the orc wizard!
You kill the orc wizard!
The hornet stings Octorock!
You puncture the orc!
You kill the orc!
The hornet stings Octorock.
Octorock hits the hornet with a +0 dagger of draining!
Octorock drains the hornet!
The hornet barely misses Octorock.
The orc wizard hits you with a +1 dagger of flaming.
Octorock hits the hornet with a +0 dagger of draining.
The hornet stings Octorock.
Items here: $ )) [ † a +1 short sword of protection; a +0 dagger; a +0 robe; 19 gold pieces an orc corpse You barely miss the orc wizard.
You grab the orc wizard. You constrict the orc wizard.
You block the orc wizard's attack. You block the orc priest's attack.
You puncture the orc wizard! You squeeze the orc wizard.
You kill the orc wizard!
The orc wizard casts a spell.
The orc wizard blinks!
The hornet stings Octorock!
Octorock points at the hornet and mumbles some strange words.
The hornet resists with some effort.
You block the orc priest's attack.
The orc wizard gestures wildly while chanting.
The orc wizard blinks!
The hornet closely misses Octorock.
The hornet barely misses Octorock.
Octorock hits the hornet with a +0 dagger of draining!
The hornet dies!
Items here: $ )) [ a +1 dagger of flaming; a +0 robe; 14 gold pieces; a +0 war axe You closely miss the orc priest.
You grab the orc priest.
You constrict the orc priest, but do no damage.
The orc priest closely misses Octorock.
Octorock hits the orc with a +0 dagger of draining.
Octorock drains the orc!
You puncture the orc priest! You drain the orc priest!
You kill the orc priest!
The orc hits Octorock.
The eye of devastation gazes at you.
The bolt of energy hits the orc priest.
The orc priest is blown up!
The bolt of energy hits you!
Ouch! That really hurt!
Octorock completely misses the orc.
The orc hits Octorock.
The orc wizard points at you and mumbles some strange words.
The magic dart hits you!
* * * LOW HITPOINT WARNING * * *
Something hits Octorock but does no damage.
Evoke which item? (* to show all) (? for menu, Esc to quit)
Aiming: Paralyse
Press: ? - help, Shift-Dir - straight line, f - orc wizard
Aim: an orc wizard, wielding a +0 flail and wearing a +0 robe (fast, chance to The orc wizard suddenly stops moving!
Octorock hits the orc wizard but does no damage.
Octorock drains the orc wizard!
Something hits Octorock.
Octorock hits the orc wizard with a +0 dagger of draining.
Octorock drains the orc wizard!
Something barely misses Octorock.
Octorock hits the orc wizard with a +0 dagger of draining.
Octorock drains the orc wizard!
The orc wizard dies!
Something barely misses Octorock.
The eye of devastation gazes at you.
The bolt of energy hits Octorock.
Octorock is blown up!
The bolt of energy misses you.
Things that are here:
a +0 short sword of venom; a +0 blowgun
There is a stone staircase leading up, spattered with blood here.
The eye of devastation gazes at you. The bolt of energy hits you!
Ouch! That really hurt!
You die...

#.......#......))))........
#..........#####G####o....#
#..).##..).....))# ##.#.#.#
##(####..........##.....# #
#.#.......†..o..#..#...#
#.#.##......[........≈≈.
#.#.##..÷.......####.
#.#.##...)......#
#.#.##...@......#
#.#.##..<.......#
#.#.##................
#...##...........##...
##..###########.## . #..#
.# ####.#### .# #.......#
.# #<......# ..


You could see an eye of devastation and an orc.

Vanquished Creatures
  Erolcha (D:10)
  2 two-headed ogres
  Sonja (D:11)
  An unseen horror (D:11)
  A manticore (D:11)
  An ugly thing (D:11)
  A kobold demonologist (D:11)
  Grinder (Sewer)
  A hippogriff (D:7)
  A shadow (D:11)
  Sigmund (D:3)
  A hungry ghost (D:10)
  20 yaks
  A water moccasin (D:11)
  5 ice beasts
  An orc warrior (D:8)
  A phantom (Sewer)
  A necrophage (D:10)
  An ogre (D:4)
  A centaur (D:9)
  A big kobold (Sewer)
  6 bullfrogs
  A gnoll sergeant (D:8)
  5 scorpions
  A wyvern skeleton (D:11)
  3 killer bees (D:9)
  2 howler monkeys (D:7)
  4 wights
  3 electric eels (D:10)
  2 crimson imps
  2 quasits
  A bullfrog zombie (D:6)
  10 hounds
  3 centaur zombies
  7 orc priests
  2 bullfrog skeletons
  7 jellies
  10 orc wizards
  A gnoll shaman (D:4)
  A hexer (D:11)
  2 iguanas
  6 worker ants
  3 big kobold zombies (Sewer)
  A hound zombie (D:9)
  15 gnolls
  A howler monkey skeleton (D:10)
  14 adders
  3 river rats
  A shadow imp (D:6)
  4 ufetubi (Sewer)
  11 oozes
  4 worms
  A dart slug (D:3)
  9 leopard geckos
  41 orcs
  5 ball pythons
  9 giant cockroaches
  9 goblins
  7 hobgoblins
  11 jackals
  3 quokkas
  8 bats
  8 frilled lizards
  A giant cockroach zombie (D:5)
  24 kobolds
  A kobold zombie (Sewer)
  10 rats
328 creatures vanquished.

Vanquished Creatures (collateral kills)
  A centaur skeleton (D:9)
  A komodo dragon (D:10)
  A troll (D:10)
  A hornet (D:11)
  A hippogriff (D:6)
  2 yaks
  An ogre (D:7)
  An orc warrior (D:8)
  A wolf (D:10)
  A big kobold (D:10)
  2 scorpions
  2 killer bees (D:9)
  A wight (D:9)
  A crimson imp (D:6)
  A bullfrog zombie (D:8)
  3 hounds
  A bullfrog skeleton (D:6)
  An orc priest (D:7)
  A jelly (D:9)
  2 orc wizards
  A hound skeleton (D:6)
  A worker ant zombie (D:10)
  A gnoll (D:8)
  An ooze (D:9)
  3 orcs
33 creatures vanquished.

Vanquished Creatures (others)
  An orc priest (D:11)
  4 hexers
  An ancestor (D:6)
6 creatures vanquished.

Grand Total: 367 creatures vanquished

Notes
Turn   | Place    | Note
-------+----------+-------------------------------------------
     0 | D:1      | Octopork the Octopode Fighter began the quest for the Orb.
     0 | D:1      | Reached XP level 1. HP: 16/16 MP: 1/1
    86 | D:1      | Reached XP level 2. HP: 16/21 MP: 2/2
   196 | D:1      | Reached skill level 1 in Stealth
   573 | D:1      | Reached XP level 3. HP: 19/26 MP: 3/3
   782 | D:1      | Reached skill level 3 in Polearms
  1621 | D:2      | Reached XP level 4. HP: 31/31 MP: 4/4
  2652 | D:3      | Reached skill level 4 in Polearms
  2671 | D:3      | Noticed Sigmund
  2684 | D:3      | Reached XP level 5. HP: 24/36 MP: 5/5
  2684 | D:3      | HP: 9/36 [something (15)]
  2927 | D:3      | Found a glowing drain.
  2936 | Sewer    | Entered a sewer
  3083 | Sewer    | Reached skill level 4 in Shields
  3482 | Sewer    | Found an ancient bone altar of Kikubaaqudgha.
  3513 | Sewer    | Reached skill level 5 in Polearms
  3513 | Sewer    | Reached XP level 6. HP: 42/42 MP: 6/6
  3709 | Sewer    | Noticed a phantom
  3789 | Sewer    | Killed a phantom
  4044 | Sewer    | Noticed Grinder
  4046 | Sewer    | Paralysed by Grinder for 4 turns
  4054 | Sewer    | Killed Grinder
  4054 | Sewer    | Reached skill level 6 in Polearms
  4054 | Sewer    | Reached skill level 5 in Shields
  4054 | Sewer    | Reached XP level 7. HP: 41/46 MP: 7/7
  4157 | Sewer    | Identified Sif Muna's Guide on Assistive Curses
  4794 | D:3      | Reached skill level 7 in Polearms
  5270 | D:4      | Reached XP level 8. HP: 46/52 MP: 8/8
  5314 | D:4      | Identified the +7 short sword of Modesty {drain, rPois
                  | Str-2 Int+8 Dex+4}
  5343 | D:3      | Killed Sigmund
  5474 | D:4      | Reached skill level 6 in Shields
  5807 | D:2      | Reached skill level 4 in Fighting
  5808 | D:2      | HP: 13/54 [poisoned by a scorpion]
  5814 | D:2      | HP: 12/54 [poisoned by a scorpion]
  5819 | D:2      | HP: 10/54 [poisoned by a scorpion]
  5826 | D:2      | HP: 10/54 [poisoned by a scorpion]
  5834 | D:2      | HP: 9/54 [poisoned by a scorpion]
  6088 | D:3      | Reached skill level 8 in Polearms
  6551 | D:5      | Entered Level 5 of the Dungeon
  6577 | D:5      | Reached skill level 1 in Short Blades
  6594 | D:5      | Found an opulent altar of Gozag.
  6675 | D:5      | Found a staircase to the Ecumenical Temple.
  6696 | D:5      | Reached skill level 2 in Short Blades
  6851 | Temple   | Entered the Ecumenical Temple
  7088 | Temple   | Became a worshipper of Hepliaklqana the Forgotten
  7513 | D:5      | Reached skill level 3 in Short Blades
  7710 | D:6      | Reached XP level 9. HP: 52/53 MP: 9/9
  7821 | D:6      | Reached skill level 5 in Fighting
  7909 | D:6      | Found a radiant altar of Vehumet.
  7919 | D:6      | Reached skill level 4 in Short Blades
  8006 | D:6      | Reached skill level 7 in Shields
  8369 | D:6      | Found a sacrificial altar of Ru.
  8532 | D:7      | Reached skill level 5 in Short Blades
  8812 | D:7      | Learned a level 1 spell: Apportation
  8814 | D:7      | Learned a level 1 spell: Confusing Touch
  8819 | D:7      | Reached * piety under Hepliaklqana
  9196 | D:7      | Reached skill level 6 in Short Blades
  9743 | D:7      | Got an iridescent falchion
  9883 | D:8      | Reached skill level 6 in Fighting
 10043 | D:8      | Reached ** piety under Hepliaklqana
 10044 | D:8      | Remembered your ancestor Octorock as a hexer
 10086 | D:8      | Noticed a +0 hand axe
 10087 | D:8      | Found a hide-covered altar of Uskayaw.
 10087 | D:8      | Noticed a +0 hand axe
 10166 | D:8      | Reached XP level 10. HP: 49/61 MP: 10/10
 10329 | D:8      | Reached skill level 7 in Short Blades
 10329 | D:8      | Reached skill level 8 in Shields
 10728 | D:9      | Found a transporter.
 10728 | D:9      | Noticed a two-headed ogre
 10733 | D:9      | Killed a two-headed ogre
 10733 | D:9      | Reached skill level 7 in Fighting
 10733 | D:9      | Reached skill level 8 in Short Blades
 10734 | D:9      | Noticed SpeedVeins's ghost (novice DDFi)
 11137 | D:9      | Found a radiant altar of Vehumet.
 11295 | D:9      | Found a transporter.
 11527 | D:9      | Reached skill level 9 in Short Blades
 11689 | D:9      | Found a sparkling altar of Nemelex Xobeh.
 11690 | D:9      | Found a white marble altar of Elyvilon.
 11756 | D:10     | Entered Level 10 of the Dungeon
 11759 | D:10     | Found a shimmering altar of Xom.
 11772 | D:10     | Reached skill level 9 in Shields
 11953 | D:10     | Reached XP level 11. HP: 68/68 MP: 11/11
 12002 | D:10     | Reached skill level 8 in Fighting
 12414 | D:10     | Reached skill level 10 in Short Blades
 12577 | D:10     | Reached *** piety under Hepliaklqana
 12722 | D:10     | Found a staircase to the Lair.
 12748 | D:10     | Noticed Erolcha
 12861 | D:10     | Upgraded the game from 0.23-a0-470-g6f7cfd9739 to
                  | 0.23-a0-483-g32a748b514
 13070 | D:10     | Octopork: hello beem!
 13070 | D:10     | Octopork: !beem
 13070 | D:10     | beem: I'm a bot that sends commands to the DCSS IRC
                  | knowledge bots. For details, see
                  | https://github.com/gammafunk/beem/blob/master/docs/commands
                  | .md and to have me watch your games on this server, type:
                  | !subscribe
 13095 | D:10     | Killed Erolcha
 13095 | D:10     | Reached skill level 1 in Invocations
 13227 | D:10     | Noticed a two-headed ogre
 13239 | D:10     | Killed a two-headed ogre
 13239 | D:10     | Reached skill level 2 in Invocations
 13709 | D:11     | Noticed an unseen horror
 13717 | D:11     | Killed an unseen horror
 13717 | D:11     | Reached skill level 11 in Short Blades
 13717 | D:11     | Reached skill level 10 in Shields
 13751 | D:11     | Reached skill level 3 in Invocations
 13849 | D:11     | Noticed a manticore
 13859 | D:11     | HP: 17/70 [manticore (4)]
 13861 | D:11     | HP: 8/70 [barbs]
 13871 | D:11     | Killed a manticore
 13871 | D:11     | Reached skill level 9 in Fighting
 13908 | D:11     | Noticed Sonja
 13919 | D:11     | Killed Sonja
 13919 | D:11     | Reached XP level 12. HP: 40/76 MP: 14/14
 14675 | D:11     | Reached skill level 4 in Invocations
 14697 | D:11     | Blown up by an eye of devastation (shapeshifter)

Vault maps used:
D:1:      sevenhm_arrival_forest_fort_large_1, kennysheep_flooded_box,
          minmay_circled_x
D:2:      minmay_angry_zag
D:3:      portal_sewer_entry_b, uniq_sigmund
D:4:      cheibrodos_helix_gallery, first_ration, kennysheep_generic_room_11
D:5:      minmay_temple_entry_offerings, nicolae_gozag_seed_capital
D:6:      nicolae_ru_path_of_blood, vehumet_altar_wand_db
D:7:      glass_columns_b
D:8:      dancing_weapons_uskayaw
D:9:      gammafunk_temple_overflow_pools, basic_altar, gammafunk_ghost_arena,
          hangedman_little_slice_of_home, minivault_14, minivault_26,
          palyth_stone_intersect
D:10:     erik_lair_island, basic_altar, grunt_decor_resistance, uniq_erolcha
D:11:     hiddenorc2_lemuel, serial_bayou_pond_d, uniq_sonja
Temple:   eino_narrow_crystal_temple
Sewer:    kennysheep_sewer_church

Skill      XL: |  1  2  3  4  5  6  7  8  9 10 11 12 |
---------------+-------------------------------------+-----
Stealth        | 1 |  1.0
Polearms       | 3 4 5 6 7 8 |  8.0
Shields        | 4 5 6 7 9 10 | 10.3
Fighting       | 4 6 7 9 |  9.2
Short Blades   | 3 6 9 11 | 11.5
Invocations    | 3 4 |  4.1
Dodging        | |  3.0

Action                   |  1- 3 |  4- 6 |  7- 9 | 10-12 || total
-------------------------+-------+-------+-------+-------++-------
Melee: Trident           |    99 |   152 |   120 |       ||   371
       Tentacles         |    10 |    23 |    60 |    85 ||   178
       Constrict         |    18 |    16 |    63 |    45 ||   142
       Short sword       |       |       |   167 |   395 ||   562
 Fire: Blowgun           |       |       |       |     2 ||     2
Throw: Stone             |       |     3 |     2 |     1 ||     6
Invok: Ancestor Identity |       |       |     1 |       ||     1
       Recall Ancestor   |       |       |     1 |     1 ||     2
       Ancestor Life: He |       |       |     1 |       ||     1
Evoke: Wand              |       |       |       |    12 ||    12
  Use: Potion            |       |     3 |       |     3 ||     6
       Scroll            |       |       |     7 |     9 ||    16
 Stab: Sleeping          |    11 |     9 |    11 |    10 ||    41
       Distracted        |       |       |     3 |     4 ||     7
       Confused          |       |       |       |     8 ||     8
       Paralysed         |       |       |       |     3 ||     3
  Eat: Chunk             |     2 |     4 |    13 |    12 ||    31
       Ration            |       |     1 |     2 |     1 ||     4
Armor: Skin              |     6 |     9 |     6 |    14 ||    35
Dodge: Dodged            |    28 |    52 |    96 |    84 ||   260
Block: Shield            |    27 |    58 |   106 |   177 ||   368
       Reflection        |       |       |       |     6 ||     6

Table legend:
 A = Non-vault XP
 B = Vault XP
 C = Vault XP percentage of total XP
 D = Non-vault monster count
 E = Vault monster count
 F = Vault count percentage of total count
                 A         B        C        D         E       F
            +---------+---------+-------+---------+---------+-------
      Total |   17729 |    3596 |  16.9 |     265 |      95 |  26.4
            +---------+---------+-------+---------+---------+-------
        D:1 |      52 |      10 |  16.1 |      28 |       7 |  20.0
        D:2 |      61 |      90 |  59.6 |      14 |       6 |  30.0
        D:3 |     230 |     255 |  52.6 |      29 |       8 |  21.6
        D:4 |     311 |       2 |   0.6 |      13 |       1 |   7.1
        D:5 |     564 |       0 |   0.0 |      23 |       0 |   0.0
        D:6 |     896 |       2 |   0.2 |      21 |       1 |   4.5
        D:7 |     975 |       0 |   0.0 |      25 |       0 |   0.0
        D:8 |    1658 |       0 |   0.0 |      25 |       0 |   0.0
        D:9 |    2851 |     157 |   5.2 |      28 |       8 |  22.2
       D:10 |    6450 |    1650 |  20.4 |      42 |      12 |  22.2
       D:11 |    3681 |     690 |  15.8 |      17 |      17 |  50.0
      Sewer |       0 |     740 | 100.0 |       0 |      35 | 100.0
            +---------+---------+-------+---------+---------+-------

Table legend:
 A = Turns spent in this place as a percentage of turns spent in the entire game.
 B = Non-inter-level travel turns spent in this place as a percentage of non-inter-level travel turns spent in the entire game.
 C = Inter-level travel turns spent in this place as a percentage of turns spent in this place.
 D = Turns resting spent in this place as a percentage of non-inter-level travel turns spent in this place.
 E = Turns spent auto-exploring this place as a percentage of non-inter-level travel turns spent in this place.
 F = Non-inter-level travel turns spent in this place divided by the number of levels of this place that you've seen.
                   A       B       C       D       E      F
               +-------+-------+-------+-------+-------+----------------------
         Total | 100.0 | 100.0 |   4.8 |  36.5 |  36.2 | 1076.2
       Dungeon |  89.8 |  89.5 |   5.1 |  35.3 |  37.6 | 1138.5
        Temple |   1.7 |   1.6 |  13.0 |   0.0 |  98.2 | 220.0
         Sewer |   8.5 |   8.9 |   0.0 |  55.7 |  10.8 | 1246.0
               +-------+-------+-------+-------+-------+----------------------

Table legend:
 A = Kills in this place as a percentage of kills in entire the game.
 B = Kills by you in this place as a percentage of kills by you in the entire game.
 C = Kills by friends in this place as a percentage of kills by friends in the entire game.
 D = Other kills in this place as a percentage of other kills in the entire game.
 E = Experience gained in this place as a percentage of experience gained in the entire game.
 F = Experience gained in this place divided by the number of levels of this place that you have seen.
                   A       B       C       D       E      F
               +-------+-------+-------+-------+-------+----------------------
         Total | 100.0 | 100.0 | 100.0 | 100.0 | 100.0 | 1640.4
       Dungeon |  90.3 |  89.3 | 100.0 | 100.0 |  96.5 | 1871.4
         Sewer |   9.7 |  10.7 |   0.0 |   0.0 |   3.5 | 740.0
               +-------+-------+-------+-------+-------+----------------------
